[ PARTIDA AOE2 · #494208314 ]
UnrankedCoreanos vs Byzantines
Equipo del jugador · DERR
Equipo rival · VICT
[ ANÁLISIS DE REPETICIÓN · EXTRAÍDO DE LA PARTIDA GRABADA ]
Feudal
10:35
Castillos
—
Imperial
—
| APM promedio | 30.9 |
| APM pico | 56 |
| eAPM promedio | 14.6 |
| Aldeanos / militares | 36 / 42 |
Foco
⚔️ 32.7% · 🌾 67.3%
Skirmisher ×18 · Spearman ×16 · Archer ×8
Feudal
8:59
Castillos
23:22
Imperial
—
| APM promedio | 57.6 |
| APM pico | 132 |
| eAPM promedio | 21.7 |
| Aldeanos / militares | 56 / 46 |
Foco
⚔️ 37.0% · 🌾 63.0%
Skirmisher ×25 · Scout Cavalry ×10 · Archer ×6 · Knight ×3 · Spearman ×2
Mapa de la partida
Recursos iniciales + cada clic de construcción. Líneas = muros · curvas = relieve. ◆ oro · ⬟ piedra · ● bayas · ✦ reliquia · ◌ hueco del cierre
Tu base· Abierta — el rival se encerró
Base de AgeOfFalop4· ✓ Cerrada en 23:22 · 17t muro · sin puerta
Terreno inicial suavizado · ◌ = hueco del cierre detectado · pasá el cursor para detalles
Inputs por minuto
— Disagri - - AgeOfFalop4
Build order — Disagri
127 acciones detectadas en el replay
| 0:02 | Construir | House |
| 0:02 | Crear | Villager (Male) |
| 0:02 | Crear | Villager (Male) |
| 0:04 | Construir | House |
| 0:31 | Crear | Villager (Male) |
| 0:31 | Crear | Villager (Male) |
| 1:15 | Crear | Villager (Male) |
| 1:23 | Investigar | Loom |
| 1:24 | Crear | Villager (Male) |
| 2:31 | Crear | Villager (Male) |
| 2:32 | Crear | Villager (Male) |
| 3:44 | Crear | Villager (Male) |
| 3:46 | Crear | Villager (Male) |
| 4:12 | Crear | Villager (Male) |
| 4:16 | Construir | House |
| 4:39 | Crear | Villager (Male) |
| 4:39 | Crear | Villager (Male) |
| 4:56 | Construir | Mill |
| 5:08 | Construir | Lumber Camp |
| 5:10 | Crear | Villager (Male) |
| 5:37 | Crear | Villager (Male) |
| 6:24 | Construir | House |
| 6:36 | Construir | Lumber Camp |
| 6:44 | Crear | Villager (Male) |
| 6:45 | Crear | Villager (Male) |
| 7:17 | Crear | Villager (Male) |
| 7:32 | Crear | Villager (Male) |
| 8:23 | Investigar | Feudal Age |
| 8:50 | Construir | Mining Camp |
| 9:24 | Construir | Barracks |
| 9:40 | Construir | Mining Camp |
| 10:21 | Construir | House |
| 10:28 | Crear | Villager (Male) |
| 10:28 | Crear | Villager (Male) |
| 10:35 | Edad | Edad Feudal |
| 10:36 | Construir | Archery Range |
| 11:19 | Crear | Villager (Male) |
| 11:28 | Construir | Blacksmith |
| 11:32 | Crear | Archer |
| 11:33 | Crear | Archer |
| 11:43 | Crear | Villager (Male) |
| 11:44 | Crear | Villager (Male) |
| 12:06 | Investigar | Fletching |
| 12:16 | Construir | Farm |
| 12:16 | Construir | Farm |
| 12:21 | Construir | Farm |
| 12:21 | Construir | Farm |
| 12:22 | Construir | Farm |
| 12:48 | Construir | Watch Tower |
| 12:55 | Crear | Archer |
| 13:00 | Crear | Spearman |
| 13:04 | Construir | House |
| 13:11 | Construir | Palisade Wall |
| 13:33 | Construir | House |
| 13:35 | Construir | House |
| 14:20 | Crear | Spearman |
| 14:20 | Crear | Spearman |
| 14:27 | Crear | Archer |
| 14:28 | Crear | Archer |
| 14:32 | Construir | House |
| 14:39 | Construir | Palisade Wall |
| 14:45 | Construir | House |
| 14:48 | Construir | Palisade Wall |
| 14:54 | Construir | Farm |
| 15:04 | Crear | Archer |
| 15:50 | Construir | Watch Tower |
| 15:58 | Construir | House |
| 16:04 | Construir | House |
| 16:09 | Crear | Spearman |
| 16:09 | Crear | Spearman |
| 16:32 | Investigar | Forging |
| 16:56 | Crear | Archer |
| 16:57 | Crear | Archer |
| 17:14 | Crear | Villager (Male) ×5 |
| 17:16 | Construir | Farm |
| 17:16 | Construir | Farm |
| 17:16 | Construir | Farm |
| 17:16 | Construir | Farm |
| 17:17 | Construir | Farm |
| 17:57 | Crear | Skirmisher |
| 17:57 | Crear | Skirmisher |
| 18:28 | Construir | Archery Range |
| 18:32 | Crear | Villager (Male) |
| 18:32 | Crear | Villager (Male) |
| 18:37 | Construir | Farm |
| 18:37 | Construir | Farm |
| 19:04 | Crear | Spearman |
| 19:05 | Crear | Spearman |
| 19:11 | Crear | Skirmisher |
| 19:11 | Crear | Skirmisher |
| 19:13 | Crear | Skirmisher |
| 19:13 | Crear | Skirmisher |
| 19:21 | Construir | Farm |
| 19:21 | Construir | Farm |
| 19:21 | Construir | Farm |
| 19:30 | Crear | Spearman |
| 20:59 | Construir | Watch Tower |
| 21:38 | Crear | Skirmisher ×5 |
| 21:42 | Crear | Villager (Male) ×5 |
| 21:44 | Construir | Farm |
| 21:44 | Construir | Farm |
| 21:44 | Construir | Farm |
| 22:12 | Crear | Skirmisher |
| 22:13 | Crear | Skirmisher |
| 22:14 | Crear | Spearman |
| 22:15 | Crear | Spearman |
| 22:49 | Construir | Farm |
| 22:49 | Construir | Farm |
| 22:49 | Construir | Farm |
| 23:01 | Crear | Skirmisher |
| 23:01 | Crear | Skirmisher |
| 23:03 | Crear | Spearman |
| 23:03 | Crear | Spearman |
| 23:05 | Construir | House |
| 23:39 | Crear | Skirmisher |
| 23:39 | Crear | Skirmisher |
| 23:40 | Crear | Skirmisher |
| 23:42 | Crear | Spearman |
| 23:43 | Crear | Spearman |
| 23:53 | Construir | Farm |
| 23:54 | Construir | Farm |
| 24:02 | Investigar | Scale Mail Armor |
| 24:34 | Construir | Watch Tower |
| 24:52 | Construir | House |
| 25:11 | Crear | Spearman |
| 25:11 | Crear | Spearman |
| 25:51 | Investigar | Castle Age |
Build order — AgeOfFalop4
Primeras 150 de 170 acciones detectadas
| 0:00 | Crear | Villager (Male) |
| 0:01 | Crear | Villager (Male) |
| 0:02 | Construir | House |
| 0:05 | Construir | House |
| 0:48 | Crear | Villager (Male) |
| 0:48 | Crear | Villager (Male) |
| 0:49 | Crear | Villager (Male) |
| 1:40 | Crear | Villager (Male) |
| 1:40 | Crear | Villager (Male) |
| 1:49 | Construir | Lumber Camp |
| 2:03 | Crear | Villager (Male) |
| 2:03 | Crear | Villager (Male) |
| 2:30 | Crear | Villager (Male) |
| 2:58 | Crear | Villager (Male) |
| 2:59 | Crear | Villager (Male) |
| 3:19 | Crear | Villager (Male) |
| 3:37 | Construir | House |
| 3:43 | Crear | Villager (Male) |
| 3:53 | Construir | Mill |
| 4:12 | Crear | Villager (Male) |
| 4:12 | Crear | Villager (Male) |
| 4:39 | Crear | Villager (Male) |
| 4:39 | Crear | Villager (Male) |
| 5:04 | Crear | Villager (Male) |
| 5:27 | Crear | Villager (Male) |
| 5:27 | Crear | Villager (Male) |
| 5:50 | Investigar | Loom |
| 6:49 | Investigar | Feudal Age |
| 6:56 | Construir | Lumber Camp |
| 7:21 | Construir | House |
| 8:06 | Construir | Barracks |
| 8:45 | Crear | Villager (Male) |
| 8:58 | Construir | House |
| 8:59 | Edad | Edad Feudal |
| 9:04 | Construir | Stable |
| 9:14 | Crear | Spearman |
| 9:30 | Crear | Villager (Male) |
| 9:31 | Crear | Villager (Male) |
| 9:32 | Investigar | Double-Bit Axe |
| 9:56 | Construir | House |
| 10:04 | Investigar | Horse Collar |
| 10:18 | Construir | Farm |
| 10:18 | Construir | Farm |
| 10:19 | Construir | Farm |
| 10:28 | Construir | House |
| 10:33 | Crear | Villager (Male) |
| 10:34 | Crear | Villager (Male) |
| 10:50 | Crear | Villager (Male) |
| 11:06 | Construir | Blacksmith |
| 11:08 | Construir | Palisade Wall |
| 11:18 | Crear | Villager (Male) |
| 11:28 | Crear | Villager (Male) |
| 11:36 | Construir | Farm |
| 11:36 | Construir | Farm |
| 11:43 | Crear | Villager (Male) |
| 11:48 | Construir | Farm |
| 12:03 | Crear | Villager (Male) |
| 12:08 | Construir | House |
| 12:13 | Construir | Farm |
| 12:17 | Construir | Farm |
| 12:28 | Crear | Scout Cavalry |
| 12:29 | Crear | Scout Cavalry |
| 12:29 | Crear | Scout Cavalry |
| 12:44 | Construir | Farm |
| 12:47 | Construir | Farm |
| 12:56 | Crear | Scout Cavalry |
| 13:06 | Construir | House |
| 13:18 | Crear | Scout Cavalry |
| 13:29 | Crear | Spearman |
| 13:33 | Construir | Farm |
| 13:44 | Construir | Palisade Wall |
| 13:50 | Crear | Villager (Male) |
| 14:08 | Crear | Villager (Male) |
| 14:10 | Crear | Scout Cavalry |
| 14:17 | Construir | Farm |
| 14:20 | Construir | Farm |
| 14:22 | Construir | Farm |
| 14:26 | Construir | Farm |
| 14:30 | Construir | Farm |
| 14:38 | Crear | Villager (Male) |
| 14:55 | Crear | Scout Cavalry |
| 15:04 | Crear | Villager (Male) |
| 15:12 | Construir | Archery Range |
| 15:14 | Crear | Villager (Male) |
| 15:32 | Crear | Villager (Male) |
| 15:33 | Crear | Scout Cavalry |
| 15:42 | Construir | Farm |
| 16:08 | Crear | Villager (Male) |
| 16:09 | Crear | Skirmisher |
| 16:09 | Crear | Skirmisher |
| 16:25 | Crear | Villager (Male) |
| 16:26 | Crear | Archer |
| 16:28 | Crear | Skirmisher |
| 16:33 | Construir | Farm |
| 16:37 | Construir | Farm |
| 16:37 | Construir | Farm |
| 16:44 | Crear | Skirmisher |
| 17:02 | Construir | Mining Camp |
| 17:06 | Crear | Skirmisher |
| 17:14 | Crear | Villager (Male) |
| 17:17 | Crear | Skirmisher |
| 17:37 | Crear | Villager (Male) |
| 17:38 | Crear | Skirmisher |
| 17:58 | Crear | Villager (Male) |
| 17:58 | Crear | Villager (Male) |
| 18:06 | Construir | House |
| 18:13 | Crear | Archer |
| 18:13 | Crear | Archer |
| 18:19 | Crear | Villager (Male) |
| 18:36 | Construir | House |
| 19:00 | Crear | Skirmisher |
| 19:08 | Crear | Villager (Male) |
| 19:09 | Investigar | Fletching |
| 19:18 | Construir | Palisade Wall |
| 19:19 | Construir | Palisade Wall |
| 19:20 | Crear | Skirmisher |
| 19:25 | Construir | Archery Range |
| 19:30 | Construir | House |
| 19:34 | Crear | Skirmisher |
| 19:34 | Crear | Skirmisher |
| 20:10 | Crear | Villager (Male) |
| 20:25 | Crear | Archer |
| 20:42 | Investigar | Castle Age |
| 20:42 | Investigar | Castle Age |
| 20:42 | Investigar | Castle Age |
| 21:06 | Crear | Archer |
| 21:06 | Crear | Archer |
| 21:12 | Crear | Skirmisher |
| 21:12 | Crear | Skirmisher |
| 21:19 | Crear | Skirmisher |
| 21:19 | Crear | Skirmisher |
| 21:22 | Investigar | Padded Archer Armor |
| 21:33 | Crear | Scout Cavalry |
| 21:44 | Construir | Mill |
| 21:46 | Construir | Farm |
| 21:47 | Construir | Farm |
| 21:47 | Construir | Farm |
| 21:47 | Construir | Farm |
| 22:10 | Crear | Scout Cavalry |
| 22:18 | Crear | Skirmisher |
| 22:18 | Crear | Skirmisher |
| 22:30 | Investigar | Forging |
| 22:33 | Crear | Villager (Male) |
| 22:41 | Construir | Farm |
| 22:46 | Crear | Skirmisher |
| 22:47 | Crear | Skirmisher |
| 23:08 | Crear | Villager (Male) |
| 23:09 | Crear | Villager (Male) |
| 23:22 | Edad | Edad de los Castillos |
| 23:33 | Crear | Knight |
Cronología de la partida
| 8:06 | AgeOfFalop4 · first_building Barracks |
| 8:59 | AgeOfFalop4 · age_up feudal |
| 9:04 | AgeOfFalop4 · first_building Stable |
| 9:24 | Disagri · first_building Barracks |
| 10:35 | Disagri · age_up feudal |
| 10:36 | Disagri · first_building Archery Range |
| 11:08 | AgeOfFalop4 · wall_segment Palisade Wall x1 |
| 13:11 | Disagri · wall_segment Palisade Wall x1 |
| 13:44 | AgeOfFalop4 · wall_segment Palisade Wall x2 |
| 14:39 | Disagri · wall_segment Palisade Wall x1 |
| 14:48 | Disagri · wall_segment Palisade Wall x1 |
| 15:12 | AgeOfFalop4 · first_building Archery Range |
| 19:18 | AgeOfFalop4 · wall_segment Palisade Wall x11 |
| 19:19 | AgeOfFalop4 · wall_segment Palisade Wall x4 |
| 23:22 | AgeOfFalop4 · age_up castle |
| 24:44 | AgeOfFalop4 · first_building Siege Workshop |
| 25:57 | Disagri · resign |
[ ANÁLISIS IA · 1 CRÉDITO ]
¿Qué pasó realmente en esta partida?
Wolo.gg analiza cada decisión: build order, eco, micro, errores típicos por bracket. Análisis personalizado por WhatsApp o Discord en 30 segundos.
Guía civ
Coreanos
Perfil
Disagri